Stars vs Canadiens

Created - June 3, 2022 at 23:23

Goals
1 2 3 OT1 SO T
Stars 0 2 1 0 2 4
Canadiens 1 2 0 0 0 3
Shots
1 2 3 OT1 SO T
Stars 12 6 8 3 3 29
Canadiens 4 19 12 0 2 35

1st period

1. Canadiens , Kevin Shattenkirk 17 (Chris Kreider 45) at 15:50

Penalties :
Tyler Kennedy (Mon) for Interference (Minor) at 9:23

2nd period

2. Canadiens , Phil Kessel 21 (Jean-Gabriel Pageau 32, Chris Kreider 46) at 0:47
3. Stars , Michael Grabner 31 (John Tavares 67, Brian Lee 24) at 12:41 (PP)
4. Stars , Guillaume Latendresse 32 (John Tavares 68, Michael Grabner 41) at 13:34
5. Canadiens , Mika Zibanejad 32 (Cam Fowler 35, Kevin Shattenkirk 47) at 17:09 (PP)

Penalties :
Phil Kessel (Mon) for Interference (Minor) at 12:13, Alex Chiasson (Dal) for Holding (Minor) at 16:36, Jean-Gabriel Pageau (Mon) for Holding (Minor) at 17:31

3rd period

6. Stars , Michael Grabner 32 (John Tavares 69, Tyson Barrie 10) at 5:42

Penalties :
Jordan Szwarz (Mon) for Hooking (Minor) at 9:32, Jordan Szwarz (Mon) for Holding (Minor) at 18:02

Overtime #1

No Goal

Penalties :
No Penalty

Shootout

Stars, John Tavares - Goal!
Canadiens, Chris Kreider - Stopped by Matt Murray
Stars, Guillaume Latendresse - Stopped by Kristers Gudlevskis
Canadiens, Jean-Gabriel Pageau - Stopped by Matt Murray
Stars, Michael Grabner - Goal!

Penalties :
No Penalty

Goalie Stats

Matt Murray (Dal), 32 saves from 35 shots - (0.914), W, 31-23-4, 65:00 minutes
Kristers Gudlevskis (Mon), 26 saves from 29 shots - (0.897), OTL, 29-23-7, 65:00 minutes

Players Stats for Stars

Player Name              G  A  P  +/- PIM S  H  SB GA TA FO     MP     PP MP  PK MP  
------------------------------------------------------------------------------------
Alex Chiasson            0  0  0  -1  2   0  2  0  0  0  1/2    17:38   3:39   0:00 
Andrej Sustr             0  0  0   0  0   2  0  0  0  0  0/0    21:27   3:10   0:00 
Andrew Ladd              0  0  0  -1  0   0  5  0  0  0  1/2    19:31   3:36   0:00 
Boris Valabik            0  0  0   0  0   2  1  4  1  0  0/0    32:38   5:12   0:33 
Brian Lee                0  1  1   0  0   3  4  0  0  1  0/0    32:38   5:12   0:33 
Cam Atkinson             0  0  0   0  0   0  3  0  0  0  0/0    11:56   0:06   0:00 
Cory Emmerton            0  0  0   0  0   0  3  1  0  0  6/6    11:12   0:07   0:00 
Danny Richmond           0  0  0   0  0   1  1  0  1  1  0/0    21:27   3:10   0:00 
Evgeny Grachev           0  0  0  -1  0   6  1  0  0  0  7/18   19:19   3:36   0:00 
Evgeny Kuznetsov         0  0  0   0  0   1  1  0  0  0  2/3     7:25   0:00   0:00 
Guillaume Latendresse    1  0  1   1  0   2  1  1  0  1  0/1    26:23   4:37   0:33 
John Tavares             0  3  3   1  0   4  4  0  2  2  10/34  26:27   4:39   0:33 
Jonathan Drouin          0  0  0   0  0   1  1  0  0  0  0/0     8:18   0:09   0:00 
Michael Grabner          2  1  3   1  0   6  0  1  0  0  2/4    23:25   4:37   0:00 
Paul Ladue               0  0  0   0  0   0  1  0  0  0  0/0    10:55   0:00   0:00 
Scott Kosmachuck         0  0  0   0  0   0  1  0  0  0  0/0     7:25   0:00   0:00 
Tobias Rieder            0  0  0   0  0   1  0  0  0  0  0/1    10:27   0:00   0:00 
Tyson Barrie             0  1  1   0  0   0  0  1  0  0  0/0    10:55   0:00   0:00 

Players Stats for Canadiens

Player Name              G  A  P  +/- PIM S  H  SB GA TA FO     MP     PP MP  PK MP  
------------------------------------------------------------------------------------
Anton Volchenkov         0  0  0   0  0   1  2  0  0  0  0/0    18:08   0:00   5:10 
Brandon Bollig           0  0  0   0  0   1  0  0  0  0  0/0    14:15   0:00   2:32 
Brian Dumoulin           0  0  0   0  0   2  2  3  1  0  0/0    12:03   0:00   0:12 
Bryce Lampman            0  0  0   1  0   0  0  1  0  0  0/0    21:14   0:00   3:14 
Cam Fowler               0  1  1  -1  0   1  2  1  0  2  0/0    27:16   0:33   4:56 
Chad Larose              0  0  0   0  0   0  2  0  0  0  0/0    13:28   0:00   4:44 
Chris Kreider            0  2  2   0  0   8  1  1  1  1  1/1    20:27   0:25   0:00 
Greg Stewart             0  0  0   0  0   2  1  0  0  0  1/1    14:30   0:08   0:00 
Henrik Sedin             0  0  0   0  0   3  0  0  0  0  2/7    13:53   0:00   1:59 
Jean-Gabriel Pageau      0  1  1   0  2   5  3  2  0  0  24/41  22:33   0:25   3:45 
Jordan Szwarz            0  0  0   0  4   0  1  0  1  0  0/0     8:07   0:00   0:00 
Kevin Shattenkirk        1  1  2  -1  0   2  3  2  0  1  0/0    26:03   0:33   0:00 
Mark Stuart              0  0  0   1  0   1  1  3  1  0  0/0    25:16   0:00   3:16 
Mika Zibanejad           1  0  1   0  0   1  3  1  0  0  10/16  16:43   0:08   0:00 
Nick Spaling             0  0  0   0  0   1  0  0  1  0  4/4     9:53   0:00   1:44 
Phil Kessel              1  0  1   0  2   2  0  0  0  0  0/0    20:04   0:25   0:00 
Steve Downie             0  0  0   0  0   2  1  0  0  0  0/0    14:30   0:08   0:00 
Tyler Kennedy            0  0  0   0  2   3  1  0  0  0  0/1    13:08   0:00   2:02 

3 Stars

1 - Michael Grabner (Dal)
2 - John Tavares (Dal)
3 - Kevin Shattenkirk (Mon)

Power Play

Stars - 1 on 5 Attempt(s) - 20.00%
Canadiens - 1 on 1 Attempt(s) - 100.00%

Penalty Kill

Stars - 0 on 1 Attempt(s) - 0.00% - Score 0 goal in Penalty Kill
Canadiens - 4 on 5 Attempt(s) - 80.00% - Score 0 goal in Penalty Kill

Team Stat

Stars - Hits : 29 - Faceoff Wins : 29 - Blocked Shots : 8 - Penalty Minutes : 2
Canadiens - Hits : 23 - Faceoff Wins : 42 - Blocked Shots : 14 - Penalty Minutes : 10

Official

Referees : Wes McCauley and Trevor Hanson
Linesman : Mark Shewchyk and Scott Cherrey

Game Notes

No Game Note

Finance

Level 1 -- Attendance: 5811 (96.85%) -- Ticket Income $581,100
Level 2 -- Attendance: 5000 (100.00%) -- Ticket Income $300,000
Level 3 -- Attendance: 1968 (98.40%) -- Ticket Income $68,880
Level 4 -- Attendance: 3813 (95.33%) -- Ticket Income $95,325
Luxury Box -- Attendance: 1000 (100.00%) -- Ticket Income $200,000
Game was played at the Centre Bell.
Total Attendance: 17592 (97.73%)
Total Ticket Income: $1,245,305
Other Income: $186,796
Total Income: $1,432,101

Stars

5 vs 5 Forward 
   Center                   Left Wing                Right Wing               Time % Phy DF OF 
 1 John Tavares             Guillaume Latendresse    Michael Grabner          40     1   2  2  
 2 Evgeny Grachev           Andrew Ladd              Alex Chiasson            30     1   2  2  
 3 Cory Emmerton            Tobias Rieder            Cam Atkinson             20     1   2  2  
 4 Evgeny Kuznetsov         Jonathan Drouin          Scott Kosmachuck         10     1   2  2  

5 vs 5 Defense 
   Defense                  Defense                                           Time % Phy DF OF 
 1 Brian Lee                Boris Valabik                                     40     1   2  2  
 2 Andrej Sustr             Danny Richmond                                    30     1   2  2  
 3 Paul Ladue               Tyson Barrie                                      20     1   2  2  
 4 Brian Lee                Boris Valabik                                     10     1   2  2  

PowerPlay Forward 
   Center                   Left Wing                Right Wing               Time % Phy DF OF 
 1 John Tavares             Guillaume Latendresse    Michael Grabner          60     0   2  3  
 2 Evgeny Grachev           Andrew Ladd              Alex Chiasson            40     0   2  3  

PowerPlay Defense
   Defense                  Defense                                           Time % Phy DF OF 
 1 Brian Lee                Boris Valabik                                     60     0   2  3  
 2 Andrej Sustr             Danny Richmond                                    40     0   2  3  

Penalty Kill 4 Players Forward 
   Center                   Wing                     Time % Phy DF OF 
 1 John Tavares             Guillaume Latendresse    60     0   3  2  
 2 Evgeny Grachev           Andrew Ladd              40     0   3  2  

Penalty Kill 4 Players Defense
   Defense                  Defense                  Time % Phy DF OF 
 1 Brian Lee                Boris Valabik            60     0   3  2  
 2 Andrej Sustr             Danny Richmond           40     0   3  2  

Penalty Kill - 3 Players Forward 
   Forward                                           Time % Phy DF OF 
 1 John Tavares                                      60     0   3  2  
 2 Evgeny Grachev                                    40     0   3  2  

Penalty Kill - 3 Players Defense
   Defense                  Defense                  Time % Phy DF OF 
 1 Brian Lee                Boris Valabik            60     0   3  2  
 2 Andrej Sustr             Danny Richmond           40     0   3  2  

4 vs 4 Forward 
   Center                   Wing                     Time % Phy DF OF 
 1 John Tavares             Guillaume Latendresse    60     0   2  3  
 2 Evgeny Grachev           Andrew Ladd              40     0   2  3  

4 vs 4 Defense
   Defense                  Defense                  Time % Phy DF OF 
 1 Brian Lee                Boris Valabik            60     1   2  2  
 2 Andrej Sustr             Danny Richmond           40     1   2  2  

Last Minutes Offensive
   Center                   Left Wing                Right Wing               Defense                  Defense                  
   John Tavares             Guillaume Latendresse    Michael Grabner          Brian Lee                Boris Valabik            

Last Minutes Defensive
   Center                   Left Wing                Right Wing               Defense                  Defense                  
   John Tavares             Guillaume Latendresse    Michael Grabner          Brian Lee                Boris Valabik            

Goaltenders
Starting : Matt Murray              
Backup : Braden Holtby            

Extra Forwards
Normal : Andrew Ladd, Evgeny Grachev, Cam Atkinson - PP : Andrew Ladd, Evgeny Grachev - PK : Andrew Ladd
Extra Defensemen
Normal : Danny Richmond, Paul Ladue, Tyson Barrie - PP : Danny Richmond - PK : Danny Richmond, Paul Ladue
Penalty Shots
John Tavares, Guillaume Latendresse, Michael Grabner, Alex Chiasson, Andrew Ladd

Scratches
Ian White (Healthy), Tyler Brenner (Healthy)

Canadiens

5 vs 5 Forward 
   Center                   Left Wing                Right Wing               Time % Phy DF OF 
 1 Jean-Gabriel Pageau      Chris Kreider            Phil Kessel              40     1   1  3  
 2 Mika Zibanejad           Greg Stewart             Steve Downie             30     1   2  2  
 3 Henrik Sedin             Brandon Bollig           Tyler Kennedy            20     1   2  2  
 4 Nick Spaling             Chad Larose              Jordan Szwarz            10     1   2  2  

5 vs 5 Defense 
   Defense                  Defense                                           Time % Phy DF OF 
 1 Kevin Shattenkirk        Mark Stuart                                       40     0   2  3  
 2 Bryce Lampman            Cam Fowler                                        30     1   2  2  
 3 Brian Dumoulin           Anton Volchenkov                                  20     1   2  2  
 4 Kevin Shattenkirk        Cam Fowler                                        10     1   2  2  

PowerPlay Forward 
   Center                   Left Wing                Right Wing               Time % Phy DF OF 
 1 Jean-Gabriel Pageau      Chris Kreider            Phil Kessel              60     0   1  4  
 2 Mika Zibanejad           Greg Stewart             Steve Downie             40     0   1  4  

PowerPlay Defense
   Defense                  Defense                                           Time % Phy DF OF 
 1 Kevin Shattenkirk        Cam Fowler                                        60     0   1  4  
 2 Bryce Lampman            Mark Stuart                                       40     0   1  4  

Penalty Kill 4 Players Forward 
   Center                   Wing                     Time % Phy DF OF 
 1 Jean-Gabriel Pageau      Chad Larose              60     1   3  1  
 2 Nick Spaling             Tyler Kennedy            40     1   3  1  

Penalty Kill 4 Players Defense
   Defense                  Defense                  Time % Phy DF OF 
 1 Anton Volchenkov         Cam Fowler               60     1   3  1  
 2 Bryce Lampman            Mark Stuart              40     1   3  1  

Penalty Kill - 3 Players Forward 
   Forward                                           Time % Phy DF OF 
 1 Nick Spaling                                      60     0   5  0  
 2 Mika Zibanejad                                    40     0   5  0  

Penalty Kill - 3 Players Defense
   Defense                  Defense                  Time % Phy DF OF 
 1 Mark Stuart              Anton Volchenkov         60     1   4  0  
 2 Brian Dumoulin           Kevin Shattenkirk        40     1   4  0  

4 vs 4 Forward 
   Center                   Wing                     Time % Phy DF OF 
 1 Mika Zibanejad           Chris Kreider            60     1   2  2  
 2 Henrik Sedin             Phil Kessel              40     1   2  2  

4 vs 4 Defense
   Defense                  Defense                  Time % Phy DF OF 
 1 Kevin Shattenkirk        Cam Fowler               60     1   2  2  
 2 Bryce Lampman            Mark Stuart              40     1   2  2  

Last Minutes Offensive
   Center                   Left Wing                Right Wing               Defense                  Defense                  
   Jean-Gabriel Pageau      Chris Kreider            Phil Kessel              Kevin Shattenkirk        Cam Fowler               

Last Minutes Defensive
   Center                   Left Wing                Right Wing               Defense                  Defense                  
   Jean-Gabriel Pageau      Chris Kreider            Phil Kessel              Kevin Shattenkirk        Cam Fowler               

Goaltenders
Starting : Kristers Gudlevskis      
Backup : Allen York               

Extra Forwards
Normal : Chris Kreider, Mika Zibanejad, Phil Kessel - PP : Chris Kreider, Mika Zibanejad - PK : Tyler Kennedy
Extra Defensemen
Normal : Kevin Shattenkirk, Cam Fowler, Bryce Lampman - PP : Kevin Shattenkirk - PK : Anton Volchenkov, Bryce Lampman
Penalty Shots
Chris Kreider, Jean-Gabriel Pageau, Phil Kessel, Greg Stewart, Mika Zibanejad

Scratches
Philip Larsen (Healthy)

% Time on Ice - Stars

Lines # - Real PCT - Wanted PCT - Time Play
Normal Forward
1 - 37% - 40% - 18:48
2 - 28% - 30% - 14:25
3 - 20% - 20% - 10:27
4 - 15% - 10% - 7:25
Normal Defense
1 - 41% - 40% - 20:50
2 - 32% - 30% - 16:08
3 - 21% - 20% - 10:48
4 - 6% - 10% - 3:19
PP Forward
1 - 56% - 60% - 4:43
2 - 44% - 40% - 3:39
PP Defense
1 - 62% - 60% - 5:12
2 - 38% - 40% - 3:10
PK Forward
1 - 100% - 60% - 0:33
2 - 0% - 40% - 0:00
PK Defense
1 - 100% - 60% - 0:33
2 - 0% - 40% - 0:00
PK3 Forward
1 - 0% - 60%
2 - 0% - 40%
PK3 Defense
1 - 0% - 60%
2 - 0% - 40%
44 Forward
1 - 90% - 60% - 4:30
2 - 10% - 40% - 0:30
44 Defense
1 - 57% - 60% - 2:51
2 - 43% - 40% - 2:09
Last Minute Offensive  - 0:00
Last Minute Defensive  - 0:00
Total
Forward - 65:00
Defense - 65:00

% Time on Ice - Canadiens

Lines # - Real PCT - Wanted PCT - Time Play
Normal Forward
1 - 36% - 40% - 18:17
2 - 28% - 30% - 14:22
3 - 21% - 20% - 10:38
4 - 15% - 10% - 7:48
Normal Defense
1 - 40% - 40% - 20:23
2 - 30% - 30% - 15:19
3 - 23% - 20% - 11:51
4 - 7% - 10% - 3:32
PP Forward
1 - 76% - 60% - 0:25
2 - 24% - 40% - 0:08
PP Defense
1 - 100% - 60% - 0:33
2 - 0% - 40% - 0:00
PK Forward
1 - 80% - 60% - 6:40
2 - 20% - 40% - 1:42
PK Defense
1 - 61% - 60% - 5:08
2 - 39% - 40% - 3:14
PK3 Forward
1 - 100% - 60% - 0:02
2 - 0% - 40% - 0:00
PK3 Defense
1 - 100% - 60% - 0:02
2 - 0% - 40% - 0:00
44 Forward
1 - 94% - 60% - 4:41
2 - 6% - 40% - 0:17
44 Defense
1 - 64% - 60% - 3:11
2 - 36% - 40% - 1:47
Last Minute Offensive  - 0:00
Last Minute Defensive  - 0:00
Total
Forward - 65:00
Defense - 65:00

Play-by-Play

1st period


0:01 of 1st period - Michael Grabner wins face-off versus Jean-Gabriel Pageau in neutral zone.
0:04 of 1st period - Mark Stuart is hit by John Tavares and loses puck.
0:27 of 1st period - Jean-Gabriel Pageau is hit by Cory Emmerton and loses puck.
0:42 of 1st period - Slapshot by Chris Kreider.
0:42 of 1st period - Stopped by Matt Murray without a rebound.
0:43 of 1st period - Evgeny Grachev wins face-off versus Mika Zibanejad in Stars zone.
1:33 of 1st period - Snap shot by Michael Grabner.
1:33 of 1st period - Deflect By John Tavares.
1:33 of 1st period - Shot Misses the Net.
1:33 of 1st period - Puck is out of play.
1:34 of 1st period - Nick Spaling wins face-off versus John Tavares in Canadiens zone.
1:45 of 1st period - Wrist shot by Michael Grabner.
1:45 of 1st period - Stopped by Kristers Gudlevskis with a rebound.
2:53 of 1st period - Snap shot by Guillaume Latendresse.
2:53 of 1st period - Shot Blocked by Cam Fowler.
3:21 of 1st period - Snap shot by Jordan Szwarz.
3:21 of 1st period - Shot Blocked by Guillaume Latendresse.
3:37 of 1st period - Wrist shot by Michael Grabner.
3:37 of 1st period - Stopped by Kristers Gudlevskis with a rebound.
3:39 of 1st period - Slapshot by Brian Lee.
3:39 of 1st period - Stopped by Kristers Gudlevskis without a rebound.
3:40 of 1st period - Alex Chiasson wins face-off versus Jean-Gabriel Pageau in Canadiens zone.
3:52 of 1st period - Off-side.
3:53 of 1st period - Mika Zibanejad wins face-off versus Evgeny Grachev in neutral zone.
4:20 of 1st period - Danny Richmond is hit by Tyler Kennedy and loses puck.
4:45 of 1st period - Snap shot by Evgeny Grachev.
4:45 of 1st period - Deflect By Tobias Rieder.
4:45 of 1st period - Stopped by Kristers Gudlevskis with a rebound.
5:34 of 1st period - Cory Emmerton is hit by Brian Dumoulin.
6:07 of 1st period - Scott Kosmachuck is hit by Jean-Gabriel Pageau and loses puck.
6:18 of 1st period - Tyson Barrie is hit by Mika Zibanejad and loses puck.
6:29 of 1st period - Andrew Ladd is hit by Brian Dumoulin and loses puck.
6:52 of 1st period - Anton Volchenkov is hit by Cory Emmerton and loses puck.
8:30 of 1st period - Andrew Ladd is hit by Steve Downie and loses puck.
8:57 of 1st period - Tyson Barrie is hit by Jordan Szwarz and loses puck.
9:23 of 1st period - Minor Penalty to Tyler Kennedy for Interference.
9:24 of 1st period - Jean-Gabriel Pageau wins face-off versus John Tavares in Canadiens zone.
9:29 of 1st period - Wrist shot by Guillaume Latendresse.
9:29 of 1st period - Stopped by Kristers Gudlevskis without a rebound.
9:30 of 1st period - John Tavares wins face-off versus Jean-Gabriel Pageau in Canadiens zone.
9:33 of 1st period - Wrist shot by Michael Grabner.
9:33 of 1st period - Shot Blocked by Jean-Gabriel Pageau.
9:35 of 1st period - Slapshot by Boris Valabik.
9:35 of 1st period - Stopped by Kristers Gudlevskis without a rebound.
9:36 of 1st period - Jean-Gabriel Pageau wins face-off versus John Tavares in Canadiens zone.
10:09 of 1st period - Wrist shot by Brian Lee.
10:09 of 1st period - Stopped by Kristers Gudlevskis without a rebound.
10:10 of 1st period - Nick Spaling wins face-off versus Evgeny Grachev in Canadiens zone.
10:21 of 1st period - Snap shot by Danny Richmond.
10:21 of 1st period - Shot Blocked by Bryce Lampman.
10:23 of 1st period - Slapshot by Andrew Ladd.
10:23 of 1st period - Shot Misses the Net.
10:56 of 1st period - Alex Chiasson is hit by Chad Larose and loses puck.
11:03 of 1st period - Anton Volchenkov is hit by Brian Lee and loses puck.
11:23 of 1st period - Penalty to Tyler Kennedy is over, Tyler Kennedy is back on ice.
11:35 of 1st period - Snap shot by Steve Downie.
11:35 of 1st period - Shot Blocked by Tyson Barrie.
11:53 of 1st period - Greg Stewart is hit by Scott Kosmachuck and loses puck.
12:13 of 1st period - Kevin Shattenkirk is hit by Alex Chiasson and loses puck.
12:18 of 1st period - Snap shot by Evgeny Grachev.
12:18 of 1st period - Stopped by Kristers Gudlevskis with a rebound.
12:47 of 1st period - Icing by John Tavares.
12:48 of 1st period - Mika Zibanejad wins face-off versus John Tavares in Stars zone.
12:55 of 1st period - Backhand shot by Greg Stewart.
12:55 of 1st period - Shot Blocked by Michael Grabner.
14:12 of 1st period - Mark Stuart is hit by Andrew Ladd and loses puck.
14:21 of 1st period - Wrist shot by Steve Downie.
14:21 of 1st period - Shot Misses the Net.
14:33 of 1st period - Greg Stewart is hit by Andrew Ladd and loses puck.
14:38 of 1st period - Slapshot by Evgeny Grachev.
14:38 of 1st period - Stopped by Kristers Gudlevskis without a rebound.
14:39 of 1st period - Jean-Gabriel Pageau wins face-off versus John Tavares in Canadiens zone.
14:56 of 1st period - Wrist shot by Phil Kessel.
14:56 of 1st period - Shot Blocked by Boris Valabik.
15:06 of 1st period - Brian Lee is hit by Anton Volchenkov and loses puck.
15:13 of 1st period - Brian Dumoulin is hit by John Tavares and loses puck.
15:34 of 1st period - Wrist shot by Michael Grabner.
15:34 of 1st period - Stopped by Kristers Gudlevskis with a rebound.
15:36 of 1st period - Backhand shot by John Tavares.
15:36 of 1st period - Stopped by Kristers Gudlevskis without a rebound.
15:37 of 1st period - Jean-Gabriel Pageau wins face-off versus Evgeny Grachev in Canadiens zone.
15:37 of 1st period - Jean-Gabriel Pageau is hit by Alex Chiasson.
15:50 of 1st period - Backhand shot by Kevin Shattenkirk.
15:50 of 1st period - Deflect By Evgeny Grachev.
15:50 of 1st period - Goal by Kevin Shattenkirk - Stars : 0 - Canadiens : 1.
15:51 of 1st period - Jean-Gabriel Pageau wins face-off versus Evgeny Grachev in neutral zone.
16:01 of 1st period - Wrist shot by Alex Chiasson.
16:01 of 1st period - Shot Misses the Net.
16:03 of 1st period - Slapshot by Boris Valabik.
16:03 of 1st period - Shot Misses the Net.
16:05 of 1st period - Slapshot by Brian Lee.
16:05 of 1st period - Shot Misses the Net.
16:42 of 1st period - Mark Stuart is hit by Cam Atkinson and loses puck.
17:28 of 1st period - Snap shot by Nick Spaling.
17:28 of 1st period - Stopped by Matt Murray with a rebound.
17:43 of 1st period - Off-side.
17:44 of 1st period - Greg Stewart wins face-off versus John Tavares in neutral zone.
18:16 of 1st period - Backhand shot by Evgeny Grachev.
18:16 of 1st period - Stopped by Kristers Gudlevskis with a rebound.
18:22 of 1st period - Snap shot by Jean-Gabriel Pageau.
18:22 of 1st period - Stopped by Matt Murray without a rebound.
18:23 of 1st period - Cory Emmerton wins face-off versus Mika Zibanejad in Stars zone.
18:27 of 1st period - Off-side.
18:28 of 1st period - Cory Emmerton wins face-off versus Mika Zibanejad in neutral zone.
18:35 of 1st period - Snap shot by Tobias Rieder.
18:35 of 1st period - Shot Misses the Net.
18:37 of 1st period - Slapshot by Boris Valabik.
18:37 of 1st period - Shot Misses the Net.
18:39 of 1st period - Wrist shot by Cam Atkinson.
18:39 of 1st period - Deflect By Tobias Rieder.
18:39 of 1st period - Shot Blocked by Brian Dumoulin.
18:39 of 1st period - Puck is out of play.
18:40 of 1st period - Jean-Gabriel Pageau wins face-off versus John Tavares in Canadiens zone.
19:09 of 1st period - Wrist shot by Evgeny Grachev.
19:09 of 1st period - Shot Misses the Net.
Goals for this period are 0 for Stars vs 1 for Canadiens.
Shots for this period are 12 for Stars vs 4 for Canadiens.

2nd period


0:01 of 2nd period - John Tavares wins face-off versus Jean-Gabriel Pageau in neutral zone.
0:15 of 2nd period - Backhand shot by Chris Kreider.
0:15 of 2nd period - Deflect By Jean-Gabriel Pageau.
0:15 of 2nd period - Stopped by Matt Murray without a rebound.
0:16 of 2nd period - Evgeny Grachev wins face-off versus Mika Zibanejad in Stars zone.
0:33 of 2nd period - Snap shot by Mika Zibanejad.
0:33 of 2nd period - Shot Misses the Net.
0:47 of 2nd period - Snap shot by Phil Kessel.
0:47 of 2nd period - Goal by Phil Kessel - Stars : 0 - Canadiens : 2.
0:48 of 2nd period - Jean-Gabriel Pageau wins face-off versus John Tavares in neutral zone.
0:59 of 2nd period - Kevin Shattenkirk is hit by Boris Valabik and loses puck.
1:44 of 2nd period - Snap shot by Henrik Sedin.
1:44 of 2nd period - Shot Blocked by Boris Valabik.
2:06 of 2nd period - Slapshot by Boris Valabik.
2:06 of 2nd period - Stopped by Kristers Gudlevskis without a rebound.
2:07 of 2nd period - Evgeny Kuznetsov wins face-off versus Jean-Gabriel Pageau in Canadiens zone.
2:57 of 2nd period - Icing by Anton Volchenkov.
2:58 of 2nd period - Henrik Sedin wins face-off versus Andrew Ladd in Canadiens zone.
2:58 of 2nd period - Henrik Sedin is hit by Andrew Ladd.
4:32 of 2nd period - Slapshot by Brian Lee.
4:32 of 2nd period - Shot Misses the Net.
5:27 of 2nd period - Brian Lee is hit by Anton Volchenkov.
5:31 of 2nd period - Nick Spaling is hit by Evgeny Kuznetsov and loses puck.
5:46 of 2nd period - Brian Dumoulin is hit by Evgeny Grachev and loses puck.
5:55 of 2nd period - Andrej Sustr is hit by Chad Larose.
6:04 of 2nd period - Slapshot by Brian Dumoulin.
6:04 of 2nd period - Stopped by Matt Murray without a rebound.
6:05 of 2nd period - Cory Emmerton wins face-off versus Jean-Gabriel Pageau in Stars zone.
6:31 of 2nd period - John Tavares is hit by Mika Zibanejad and loses puck.
6:40 of 2nd period - Wrist shot by Greg Stewart.
6:40 of 2nd period - Stopped by Matt Murray without a rebound.
6:41 of 2nd period - Andrew Ladd wins face-off versus Jean-Gabriel Pageau in Stars zone.
7:18 of 2nd period - Snap shot by Chris Kreider.
7:18 of 2nd period - Stopped by Matt Murray without a rebound.
7:19 of 2nd period - Mika Zibanejad wins face-off versus John Tavares in Stars zone.
7:26 of 2nd period - Brian Lee is hit by Mika Zibanejad and loses puck.
8:27 of 2nd period - Nick Spaling is hit by Danny Richmond and loses puck.
9:13 of 2nd period - Snap shot by Henrik Sedin.
9:13 of 2nd period - Stopped by Matt Murray without a rebound.
9:14 of 2nd period - Jean-Gabriel Pageau wins face-off versus Alex Chiasson in Stars zone.
9:25 of 2nd period - Slapshot by Alex Chiasson.
9:25 of 2nd period - Deflect By Chris Kreider.
9:25 of 2nd period - Shot Blocked by Brian Dumoulin.
9:25 of 2nd period - Puck is out of play.
9:26 of 2nd period - Jean-Gabriel Pageau wins face-off versus Michael Grabner in Canadiens zone.
9:26 of 2nd period - Jean-Gabriel Pageau is hit by Brian Lee.
9:40 of 2nd period - Wrist shot by Chris Kreider.
9:40 of 2nd period - Stopped by Matt Murray without a rebound.
9:41 of 2nd period - Jean-Gabriel Pageau wins face-off versus Evgeny Grachev in Stars zone.
9:48 of 2nd period - Wrist shot by Andrew Ladd.
9:48 of 2nd period - Shot Blocked by Chris Kreider.
9:50 of 2nd period - Snap shot by Boris Valabik.
9:50 of 2nd period - Shot Blocked by Mark Stuart.
9:52 of 2nd period - Snap shot by Evgeny Grachev.
9:52 of 2nd period - Shot Misses the Net.
10:30 of 2nd period - Icing by Cam Atkinson.
10:31 of 2nd period - Cory Emmerton wins face-off versus Henrik Sedin in Stars zone.
10:40 of 2nd period - Backhand shot by Tobias Rieder.
10:40 of 2nd period - Shot Misses the Net.
10:48 of 2nd period - Snap shot by Henrik Sedin.
10:48 of 2nd period - Deflect By Tyler Kennedy.
10:48 of 2nd period - Shot Blocked by Cory Emmerton.
10:48 of 2nd period - Puck is out of play.
10:49 of 2nd period - John Tavares wins face-off versus Jean-Gabriel Pageau in Stars zone.
10:54 of 2nd period - Slapshot by John Tavares.
10:54 of 2nd period - Shot Misses the Net.
11:49 of 2nd period - Wrist shot by Scott Kosmachuck.
11:49 of 2nd period - Deflect By Jonathan Drouin.
11:49 of 2nd period - Shot Blocked by Brian Dumoulin.
11:49 of 2nd period - Puck is out of play.
11:50 of 2nd period - Jean-Gabriel Pageau wins face-off versus John Tavares in Canadiens zone.
12:13 of 2nd period - Minor Penalty to Phil Kessel for Interference.
12:14 of 2nd period - John Tavares wins face-off versus Jean-Gabriel Pageau in Canadiens zone.
12:19 of 2nd period - Slapshot by Michael Grabner.
12:19 of 2nd period - Shot Misses the Net.
12:21 of 2nd period - Slapshot by Michael Grabner.
12:21 of 2nd period - Stopped by Kristers Gudlevskis without a rebound.
12:22 of 2nd period - Jean-Gabriel Pageau wins face-off versus Michael Grabner in Canadiens zone.
12:39 of 2nd period - Slapshot by Michael Grabner.
12:39 of 2nd period - Shot Blocked by Jean-Gabriel Pageau.
12:41 of 2nd period - Backhand shot by Michael Grabner.
12:41 of 2nd period - Goal by Michael Grabner - Stars : 1 - Canadiens : 2.
12:42 of 2nd period - Chris Kreider wins face-off versus John Tavares in neutral zone.
12:47 of 2nd period - Snap shot by Chris Kreider.
12:47 of 2nd period - Shot Misses the Net.
12:49 of 2nd period - Snap shot by Chris Kreider.
12:49 of 2nd period - Stopped by Matt Murray with a rebound.
12:51 of 2nd period - Snap shot by Jean-Gabriel Pageau.
12:51 of 2nd period - Stopped by Matt Murray without a rebound.
12:52 of 2nd period - Jean-Gabriel Pageau wins face-off versus John Tavares in Stars zone.
12:53 of 2nd period - Snap shot by Chris Kreider.
12:53 of 2nd period - Stopped by Matt Murray with a rebound.
12:55 of 2nd period - Wrist shot by Jean-Gabriel Pageau.
12:55 of 2nd period - Deflect By Chris Kreider.
12:55 of 2nd period - Stopped by Matt Murray with a rebound.
12:57 of 2nd period - Slapshot by Mark Stuart.
12:57 of 2nd period - Shot Misses the Net.
12:59 of 2nd period - Backhand shot by Chris Kreider.
12:59 of 2nd period - Shot Misses the Net.
13:01 of 2nd period - Slapshot by Chris Kreider.
13:01 of 2nd period - Stopped by Matt Murray with a rebound.
13:03 of 2nd period - Wrist shot by Jean-Gabriel Pageau.
13:03 of 2nd period - Stopped by Matt Murray with a rebound.
13:05 of 2nd period - Wrist shot by Phil Kessel.
13:05 of 2nd period - Stopped by Matt Murray without a rebound.
13:06 of 2nd period - John Tavares wins face-off versus Jean-Gabriel Pageau in Stars zone.
13:16 of 2nd period - Snap shot by Chris Kreider.
13:16 of 2nd period - Stopped by Matt Murray without a rebound.
13:17 of 2nd period - Michael Grabner wins face-off versus Jean-Gabriel Pageau in Stars zone.
13:34 of 2nd period - Slapshot by Guillaume Latendresse.
13:34 of 2nd period - Goal by Guillaume Latendresse - Stars : 2 - Canadiens : 2.
13:35 of 2nd period - Jean-Gabriel Pageau wins face-off versus John Tavares in neutral zone.
13:46 of 2nd period - Slapshot by Kevin Shattenkirk.
13:46 of 2nd period - Deflect By Chris Kreider.
13:46 of 2nd period - Shot Misses the Net.
13:46 of 2nd period - Puck is out of play.
13:47 of 2nd period - Evgeny Grachev wins face-off versus Jean-Gabriel Pageau in Stars zone.
13:54 of 2nd period - Snap shot by Alex Chiasson.
13:54 of 2nd period - Shot Misses the Net.
13:56 of 2nd period - Snap shot by Boris Valabik.
13:56 of 2nd period - Shot Misses the Net.
13:58 of 2nd period - Slapshot by Brian Lee.
13:58 of 2nd period - Stopped by Kristers Gudlevskis without a rebound.
13:59 of 2nd period - Jean-Gabriel Pageau wins face-off versus Guillaume Latendresse in Canadiens zone.
13:59 of 2nd period - Chris Kreider is hit by John Tavares and loses puck.
14:26 of 2nd period - Guillaume Latendresse is hit by Cam Fowler and loses puck.
14:41 of 2nd period - Wrist shot by Michael Grabner.
14:41 of 2nd period - Deflect By Cam Fowler.
14:41 of 2nd period - Shot Misses the Net.
14:41 of 2nd period - Puck is out of play.
14:42 of 2nd period - Evgeny Grachev wins face-off versus Jean-Gabriel Pageau in Canadiens zone.
14:53 of 2nd period - Wrist shot by Andrej Sustr.
14:53 of 2nd period - Shot Misses the Net.
15:13 of 2nd period - Icing by Mark Stuart.
15:14 of 2nd period - Mika Zibanejad wins face-off versus Tobias Rieder in Canadiens zone.
15:39 of 2nd period - Snap shot by Greg Stewart.
15:39 of 2nd period - Stopped by Matt Murray with a rebound.
15:45 of 2nd period - Wrist shot by Steve Downie.
15:45 of 2nd period - Shot Blocked by Boris Valabik.
15:59 of 2nd period - Slapshot by Mark Stuart.
15:59 of 2nd period - Deflect By Cory Emmerton.
15:59 of 2nd period - Stopped by Matt Murray with a rebound.
16:03 of 2nd period - Wrist shot by Steve Downie.
16:03 of 2nd period - Stopped by Matt Murray without a rebound.
16:04 of 2nd period - Jean-Gabriel Pageau wins face-off versus John Tavares in Stars zone.
16:11 of 2nd period - Chris Kreider is hit by Paul Ladue and loses puck.
16:36 of 2nd period - Minor Penalty to Alex Chiasson for Holding.
16:37 of 2nd period - John Tavares wins face-off versus Jean-Gabriel Pageau in Stars zone.
17:09 of 2nd period - Slapshot by Mika Zibanejad.
17:09 of 2nd period - Goal by Mika Zibanejad - Stars : 2 - Canadiens : 3.
17:10 of 2nd period - Evgeny Grachev wins face-off versus Jean-Gabriel Pageau in neutral zone.
17:31 of 2nd period - Minor Penalty to Jean-Gabriel Pageau for Holding.
17:32 of 2nd period - John Tavares wins face-off versus Tyler Kennedy in Canadiens zone.
17:35 of 2nd period - Snap shot by John Tavares.
17:35 of 2nd period - Stopped by Kristers Gudlevskis with a rebound.
19:09 of 2nd period - Brandon Bollig is hit by Guillaume Latendresse and loses puck.
19:31 of 2nd period - Penalty to Jean-Gabriel Pageau is over, Jean-Gabriel Pageau is back on ice.
19:38 of 2nd period - Chad Larose is hit by Cam Atkinson and loses puck.
19:55 of 2nd period - Snap shot by Jean-Gabriel Pageau.
19:55 of 2nd period - Shot Misses the Net.
Goals for this period are 2 for Stars vs 2 for Canadiens.
Shots for this period are 6 for Stars vs 19 for Canadiens.

3rd period


0:01 of 3rd period - Jean-Gabriel Pageau wins face-off versus John Tavares in neutral zone.
0:03 of 3rd period - Off-side.
0:04 of 3rd period - Jean-Gabriel Pageau wins face-off versus John Tavares in neutral zone.
0:37 of 3rd period - Off-side.
0:38 of 3rd period - Evgeny Grachev wins face-off versus Mika Zibanejad in neutral zone.
0:45 of 3rd period - Icing by Kevin Shattenkirk.
0:46 of 3rd period - Evgeny Grachev wins face-off versus Mika Zibanejad in Canadiens zone.
0:47 of 3rd period - Wrist shot by Alex Chiasson.
0:47 of 3rd period - Shot Blocked by Kevin Shattenkirk.
0:49 of 3rd period - Slapshot by Andrej Sustr.
0:49 of 3rd period - Shot Blocked by Mark Stuart.
0:51 of 3rd period - Snap shot by Andrej Sustr.
0:51 of 3rd period - Stopped by Kristers Gudlevskis without a rebound.
0:52 of 3rd period - Jean-Gabriel Pageau wins face-off versus John Tavares in Canadiens zone.
1:05 of 3rd period - Snap shot by John Tavares.
1:05 of 3rd period - Stopped by Kristers Gudlevskis with a rebound.
1:07 of 3rd period - Backhand shot by Michael Grabner.
1:07 of 3rd period - Shot Blocked by Mark Stuart.
1:09 of 3rd period - Snap shot by Andrej Sustr.
1:09 of 3rd period - Deflect By Guillaume Latendresse.
1:09 of 3rd period - Shot Blocked by Kevin Shattenkirk.
1:09 of 3rd period - Puck is out of play.
1:10 of 3rd period - Mika Zibanejad wins face-off versus Evgeny Grachev in Canadiens zone.
2:43 of 3rd period - Icing by Mark Stuart.
2:44 of 3rd period - Mika Zibanejad wins face-off versus Evgeny Grachev in Canadiens zone.
3:35 of 3rd period - Anton Volchenkov is hit by Brian Lee and loses puck.
3:53 of 3rd period - Off-side.
3:54 of 3rd period - Jean-Gabriel Pageau wins face-off versus John Tavares in neutral zone.
3:57 of 3rd period - Tyson Barrie is hit by Chris Kreider and loses puck.
4:22 of 3rd period - Wrist shot by Scott Kosmachuck.
4:22 of 3rd period - Deflect By Evgeny Kuznetsov.
4:22 of 3rd period - Shot Misses the Net.
4:22 of 3rd period - Puck is out of play.
4:23 of 3rd period - Evgeny Kuznetsov wins face-off versus Henrik Sedin in Canadiens zone.
4:28 of 3rd period - Snap shot by Jonathan Drouin.
4:28 of 3rd period - Stopped by Kristers Gudlevskis with a rebound.
4:30 of 3rd period - Slapshot by Andrej Sustr.
4:30 of 3rd period - Stopped by Kristers Gudlevskis with a rebound.
4:32 of 3rd period - Slapshot by Danny Richmond.
4:32 of 3rd period - Stopped by Kristers Gudlevskis without a rebound.
4:33 of 3rd period - John Tavares wins face-off versus Henrik Sedin in Canadiens zone.
4:44 of 3rd period - Snap shot by Cam Fowler.
4:44 of 3rd period - Deflect By Boris Valabik.
4:44 of 3rd period - Stopped by Matt Murray without a rebound.
4:45 of 3rd period - Jean-Gabriel Pageau wins face-off versus John Tavares in Stars zone.
4:53 of 3rd period - Icing by John Tavares.
4:54 of 3rd period - Jean-Gabriel Pageau wins face-off versus John Tavares in Stars zone.
4:59 of 3rd period - Slapshot by Jean-Gabriel Pageau.
4:59 of 3rd period - Stopped by Matt Murray with a rebound.
5:17 of 3rd period - Slapshot by John Tavares.
5:17 of 3rd period - Shot Misses the Net.
5:19 of 3rd period - Slapshot by Tyson Barrie.
5:19 of 3rd period - Shot Misses the Net.
5:27 of 3rd period - Guillaume Latendresse is hit by Jean-Gabriel Pageau and loses puck.
5:42 of 3rd period - Snap shot by Michael Grabner.
5:42 of 3rd period - Goal by Michael Grabner - Stars : 3 - Canadiens : 3.
5:43 of 3rd period - Mika Zibanejad wins face-off versus Evgeny Grachev in neutral zone.
5:59 of 3rd period - Off-side.
6:00 of 3rd period - John Tavares wins face-off versus Jean-Gabriel Pageau in neutral zone.
6:37 of 3rd period - Wrist shot by Evgeny Grachev.
6:37 of 3rd period - Shot Blocked by Mika Zibanejad.
6:49 of 3rd period - Slapshot by Kevin Shattenkirk.
6:49 of 3rd period - Shot Misses the Net.
6:51 of 3rd period - Slapshot by Kevin Shattenkirk.
6:51 of 3rd period - Stopped by Matt Murray without a rebound.
6:52 of 3rd period - Henrik Sedin wins face-off versus John Tavares in Stars zone.
7:09 of 3rd period - Snap shot by Tyler Kennedy.
7:09 of 3rd period - Stopped by Matt Murray with a rebound.
7:11 of 3rd period - Wrist shot by Tyler Kennedy.
7:11 of 3rd period - Stopped by Matt Murray with a rebound.
7:41 of 3rd period - Snap shot by Brandon Bollig.
7:41 of 3rd period - Stopped by Matt Murray with a rebound.
8:19 of 3rd period - Wrist shot by Tyler Kennedy.
8:19 of 3rd period - Shot Blocked by Boris Valabik.
8:21 of 3rd period - Wrist shot by Henrik Sedin.
8:21 of 3rd period - Stopped by Matt Murray without a rebound.
8:22 of 3rd period - Jean-Gabriel Pageau wins face-off versus Evgeny Grachev in Stars zone.
8:37 of 3rd period - Kevin Shattenkirk is hit by Andrew Ladd and loses puck.
9:32 of 3rd period - Minor Penalty to Jordan Szwarz for Hooking.
9:33 of 3rd period - Jean-Gabriel Pageau wins face-off versus Evgeny Grachev in Canadiens zone.
11:32 of 3rd period - Penalty to Jordan Szwarz is over, Jordan Szwarz is back on ice.
12:43 of 3rd period - Snap shot by Steve Downie.
12:43 of 3rd period - Stopped by Matt Murray with a rebound.
12:45 of 3rd period - Slapshot by Anton Volchenkov.
12:45 of 3rd period - Stopped by Matt Murray with a rebound.
12:59 of 3rd period - Danny Richmond is hit by Jean-Gabriel Pageau and loses puck.
13:26 of 3rd period - Danny Richmond is hit by Kevin Shattenkirk and loses puck.
13:41 of 3rd period - Evgeny Grachev is hit by Kevin Shattenkirk.
13:53 of 3rd period - Chad Larose is hit by Cory Emmerton and loses puck.
14:12 of 3rd period - John Tavares is hit by Cam Fowler and loses puck.
14:44 of 3rd period - Evgeny Grachev is hit by Mark Stuart and loses puck.
15:32 of 3rd period - Wrist shot by Henrik Sedin.
15:32 of 3rd period - Stopped by Matt Murray with a rebound.
15:34 of 3rd period - Wrist shot by Brandon Bollig.
15:34 of 3rd period - Shot Misses the Net.
15:54 of 3rd period - Chris Kreider is hit by Jonathan Drouin and loses puck.
16:07 of 3rd period - Bryce Lampman is hit by Andrew Ladd and loses puck.
16:20 of 3rd period - Snap shot by John Tavares.
16:20 of 3rd period - Stopped by Kristers Gudlevskis with a rebound.
16:37 of 3rd period - Icing by Cory Emmerton.
16:38 of 3rd period - Cory Emmerton wins face-off versus Henrik Sedin in Stars zone.
16:47 of 3rd period - Slapshot by Brandon Bollig.
16:47 of 3rd period - Shot Hit the Post.
16:49 of 3rd period - Slapshot by Brian Dumoulin.
16:49 of 3rd period - Stopped by Matt Murray without a rebound.
16:50 of 3rd period - Cory Emmerton wins face-off versus Henrik Sedin in Stars zone.
17:46 of 3rd period - Alex Chiasson is hit by Greg Stewart and loses puck.
17:59 of 3rd period - Snap shot by Evgeny Kuznetsov.
17:59 of 3rd period - Stopped by Kristers Gudlevskis without a rebound.
18:00 of 3rd period - Nick Spaling wins face-off versus Evgeny Kuznetsov in Canadiens zone.
18:02 of 3rd period - Minor Penalty to Jordan Szwarz for Holding.
18:03 of 3rd period - John Tavares wins face-off versus Jean-Gabriel Pageau in Canadiens zone.
18:05 of 3rd period - Slapshot by John Tavares.
18:05 of 3rd period - Shot Misses the Net.
18:19 of 3rd period - Snap shot by John Tavares.
18:19 of 3rd period - Shot Misses the Net.
18:33 of 3rd period - Wrist shot by Tyler Kennedy.
18:33 of 3rd period - Stopped by Matt Murray with a rebound.
18:41 of 3rd period - Nick Spaling is hit by Brian Lee.
Goals for this period are 1 for Stars vs 0 for Canadiens.
Shots for this period are 8 for Stars vs 12 for Canadiens.

Overtime #1


0:01 of 1st overtime period - Nick Spaling wins face-off versus John Tavares in neutral zone.
0:02 of 1st overtime period - Penalty to Jordan Szwarz is over, Jordan Szwarz is back on ice.
1:16 of 1st overtime period - Backhand shot by Evgeny Grachev.
1:16 of 1st overtime period - Stopped by Kristers Gudlevskis with a rebound.
1:18 of 1st overtime period - Snap shot by Evgeny Grachev.
1:18 of 1st overtime period - Stopped by Kristers Gudlevskis without a rebound.
1:19 of 1st overtime period - Mika Zibanejad wins face-off versus Evgeny Grachev in Canadiens zone.
1:19 of 1st overtime period - Mika Zibanejad is hit by Cam Atkinson.
1:22 of 1st overtime period - Icing by Phil Kessel.
1:23 of 1st overtime period - Mika Zibanejad wins face-off versus John Tavares in Canadiens zone.
2:12 of 1st overtime period - Slapshot by Evgeny Grachev.
2:12 of 1st overtime period - Stopped by Kristers Gudlevskis without a rebound.
2:13 of 1st overtime period - Mika Zibanejad wins face-off versus John Tavares in Canadiens zone.
2:24 of 1st overtime period - Mika Zibanejad is hit by John Tavares and loses puck.
2:47 of 1st overtime period - Brian Lee is hit by Kevin Shattenkirk and loses puck.
Goals for this period are 0 for Stars vs 0 for Canadiens.
Shots for this period are 3 for Stars vs 0 for Canadiens.

ShootOut


5:00 of 1st overtime period - Round #1.
5:00 of 1st overtime period - Stars, John Tavares.
5:00 of 1st overtime period - Snap shot by John Tavares.
5:00 of 1st overtime period - Goal by John Tavares.
5:00 of 1st overtime period - Canadiens, Chris Kreider.
5:00 of 1st overtime period - Wrist shot by Chris Kreider.
5:00 of 1st overtime period - Stopped by Matt Murray.
5:00 of 1st overtime period - Round #2.
5:00 of 1st overtime period - Stars, Guillaume Latendresse.
5:00 of 1st overtime period - Snap shot by Guillaume Latendresse.
5:00 of 1st overtime period - Stopped by Kristers Gudlevskis.
5:00 of 1st overtime period - Canadiens, Jean-Gabriel Pageau.
5:00 of 1st overtime period - Deke by Jean-Gabriel Pageau.
5:00 of 1st overtime period - Stopped by Matt Murray.
5:00 of 1st overtime period - Round #3.
5:00 of 1st overtime period - Stars, Michael Grabner.
5:00 of 1st overtime period - Backhand shot by Michael Grabner.
5:00 of 1st overtime period - Goal by Michael Grabner.